PL
PANAMA CITY PIRANHAS @ VANCOUVER GREY WOLVES
07/20/2024
 
TOP OF THE 1ST
Panama City Piranhas batting - Pitching for Vancouver Grey Wolves : RHP George Frazier
Pitching: RHP George Frazier
Batting: LHB Floyd Long 0-0: Called Strike
0-1: Ball
1-1: Ball
2-1: Called Strike
2-2: Fly out, F7 (Popup, 78S)
Batting: LHB Ye Der 0-0: Called Strike
0-1: Ground out 4-3 (Groundball, 4)
Batting: LHB Herman Hayes 0-0: Ball
1-0: Ball
2-0: Foul Ball, location: 2F
2-1: Fly out, F5 (Popup, 5DF)
Top of the 1st over - 0 run(s), 0 hit(s), 0 error(s), 0 left on base; Panama City 0 - Vancouver 0
BOTTOM OF THE 1ST
Vancouver Grey Wolves batting - Pitching for Panama City Piranhas : RHP John Dempsey
Pitching: RHP John Dempsey
Batting: LHB José Alonso 0-0: Ball
1-0: Foul Ball, location: 2F
1-1: Swinging Strike
1-2: Ball
2-2: Foul Ball, location: 2F
2-2: Foul Ball, location: 2F
2-2: Foul Ball, location: 2F
2-2: Ground out 4-3 (Groundball, 34)
Batting: LHB Emílio Barbán 0-0: Ball
1-0: Ball
2-0: Ground out 4-3 (Groundball, 13)
Batting: SHB Gregg Wagner 0-0: Called Strike
0-1: Called Strike
0-2: Ball
1-2: Fly out, F5 (Line Drive, 5)
Bottom of the 1st over - 0 run(s), 0 hit(s), 0 error(s), 0 left on base; Panama City 0 - Vancouver 0
TOP OF THE 2ND
Panama City Piranhas batting - Pitching for Vancouver Grey Wolves : RHP George Frazier
Batting: SHB Marc Talamante 0-0: Ground out U3 (Groundball, 3S)
Batting: RHB Armando Alvarado 0-0: Called Strike
0-1: Ball
1-1: Foul Ball, location: 2F
1-2: Fly out, F8 (Flyball, 8LM)
Batting: RHB William Hull 0-0: Ground out 5-3 (Groundball, 5L)
Top of the 2nd over - 0 run(s), 0 hit(s), 0 error(s), 0 left on base; Panama City 0 - Vancouver 0
BOTTOM OF THE 2ND
Vancouver Grey Wolves batting - Pitching for Panama City Piranhas : RHP John Dempsey
Batting: LHB Min-heui Im 0-0: Foul Ball, location: 2F
0-1: Ball
1-1: Called Strike
1-2: Fly out, F9 (Line Drive, 9M)
Batting: RHB José Carlos Ramos 0-0: Ball
1-0: Swinging Strike
1-1: Ground out 1-3 (Groundball, 13S)
Batting: LHB Timmy Appeldoorn 0-0: Swinging Strike
0-1: Called Strike
0-2: Ball
1-2: Ball
2-2: SINGLE (Groundball, 56D)
Batting: RHB Travis Newsome 0-0: Called Strike
0-1: Ball
1-1: Ground out 1-3 (Groundball, 13)
Bottom of the 2nd over - 0 run(s), 1 hit(s), 0 error(s), 1 left on base; Panama City 0 - Vancouver 0
TOP OF THE 3RD
Panama City Piranhas batting - Pitching for Vancouver Grey Wolves : RHP George Frazier
Batting: LHB Sergio Muñóz 0-0: Swinging Strike
0-1: SINGLE (Groundball, 34)
Batting: SHB Jorge González 0-0: Ball
1-0: Called Strike
1-1: Foul Ball, location: 2F
1-2: Ball
2-2: Ball
Balk!
Sergio Muñóz to second
3-2: Strikes out looking
Batting: RHB Tim Barnes 0-0: Called Strike
0-1: Ground out 5-3 (Groundball, 5L)
Batting: LHB Floyd Long 0-0: Called Strike
0-1: Swinging Strike
0-2: Ball
1-2: Strikes out looking
Top of the 3rd over - 0 run(s), 1 hit(s), 0 error(s), 1 left on base; Panama City 0 - Vancouver 0
BOTTOM OF THE 3RD
Vancouver Grey Wolves batting - Pitching for Panama City Piranhas : RHP John Dempsey
Batting: LHB David Hubbard 0-0: SINGLE (Line Drive, 4M)
Batting: RHB Danny Walsh 0-0: Ball
1-0: Foul Ball, location: 2F
1-1: Foul Ball, location: 2F
1-2: Ball
2-2: Ball
3-2: Foul Ball, location: 2F
3-2: DOUBLE (Line Drive, 7LS)
David Hubbard to third
Runner from 3rd tries for Home, SAFE, no throw or cutoff
Batting: LHB José Alonso 0-0: Ground out 4-3 (Groundball, 4)
Danny Walsh to third
Batting: LHB Emílio Barbán 0-0: Called Strike
0-1: Ball
1-1: SINGLE (Line Drive, 34D)
Danny Walsh scores
Batting: SHB Gregg Wagner 0-0: Called Strike
0-1: Ball
1-1: Called Strike
1-2: Foul Ball, location: 2F
1-2: Fielders Choice at 2nd, 4-6 (Groundball, 4)
Batting: LHB Min-heui Im 0-0: Ball
1-0: Foul Ball, location: 2F
1-1: Fly out, F8 (Line Drive, 8LM)
Bottom of the 3rd over - 2 run(s), 3 hit(s), 0 error(s), 1 left on base; Panama City 0 - Vancouver 2
TOP OF THE 4TH
Panama City Piranhas batting - Pitching for Vancouver Grey Wolves : RHP George Frazier
Batting: LHB Ye Der 0-0: Ball
1-0: Ground out 6-3 (Groundball, 6MS)
Batting: LHB Herman Hayes 0-0: Ball
1-0: Ground out 4-3 (Groundball, 4M)
Batting: SHB Marc Talamante 0-0: Called Strike
0-1: Swinging Strike
0-2: Foul Ball, location: 2F
0-2: Ball
1-2: Ground out 3-1 (Groundball, 34)
Top of the 4th over - 0 run(s), 0 hit(s), 0 error(s), 0 left on base; Panama City 0 - Vancouver 2
BOTTOM OF THE 4TH
Vancouver Grey Wolves batting - Pitching for Panama City Piranhas : RHP John Dempsey
Batting: RHB José Carlos Ramos 0-0: Swinging Strike
0-1: Called Strike
0-2: Ball
1-2: SINGLE (Line Drive, 6D)
Batting: LHB Timmy Appeldoorn 0-0: Called Strike
0-1: Ball
1-1: Ball
2-1: Ground out 3-1 (Groundball, 34S)
José Carlos Ramos to second
Batting: RHB Travis Newsome 0-0: Called Strike
0-1: Ground out 4-3 (Groundball, 4M)
José Carlos Ramos to third
Batting: LHB David Hubbard 0-0: Swinging Strike
0-1: Foul Ball, location: 2F
0-2: SINGLE (Groundball, 34D)
José Carlos Ramos scores
Batting: RHB Danny Walsh 0-0: Called Strike
0-1: Foul Ball, location: 2F
0-2: Ball
1-2: Ground out 1-3 (Groundball, 2L)
Bottom of the 4th over - 1 run(s), 2 hit(s), 0 error(s), 1 left on base; Panama City 0 - Vancouver 3
TOP OF THE 5TH
Panama City Piranhas batting - Pitching for Vancouver Grey Wolves : RHP George Frazier
Batting: RHB Armando Alvarado 0-0: Called Strike
0-1: Ground out 5-3 (Groundball, 56S)
Batting: RHB William Hull 0-0: Ball
1-0: Swinging Strike
1-1: Swinging Strike
1-2: Foul Ball, location: 2F
1-2: Ball
2-2: Foul Ball, location: 2F
2-2: Foul Ball, location: 2F
2-2: Strikes out swinging
Batting: LHB Sergio Muñóz 0-0: Called Strike
0-1: Ground out 5-3 (Groundball, 5)
Top of the 5th over - 0 run(s), 0 hit(s), 0 error(s), 0 left on base; Panama City 0 - Vancouver 3
BOTTOM OF THE 5TH
Vancouver Grey Wolves batting - Pitching for Panama City Piranhas : RHP John Dempsey
Batting: LHB José Alonso 0-0: Ball
1-0: Called Strike
1-1: Ball
2-1: Foul Ball, location: 2F
2-2: Strikes out swinging
Batting: LHB Emílio Barbán 0-0: Ball
1-0: Ball
2-0: Ball
3-0: Called Strike
3-1: Called Strike
3-2: Ground out 4-3 (Groundball, 4)
Batting: SHB Gregg Wagner 0-0: Swinging Strike
0-1: Foul Ball, location: 2F
0-2: Ball
1-2: Ground out 4-3 (Groundball, 4)
Bottom of the 5th over - 0 run(s), 0 hit(s), 0 error(s), 0 left on base; Panama City 0 - Vancouver 3
TOP OF THE 6TH
Panama City Piranhas batting - Pitching for Vancouver Grey Wolves : RHP George Frazier
Batting: SHB Jorge González 0-0: Called Strike
0-1: Ball
1-1: DOUBLE (Line Drive, 3L)
Batting: RHB Tim Barnes 0-0: Ball
1-0: Ball
2-0: Called Strike
2-1: Swinging Strike
2-2: Ball
3-2: Ground out 5-3 (Groundball, 5L)
Batting: LHB Floyd Long 0-0: Ball
1-0: Foul Ball, location: 2F
1-1: Foul Ball, location: 2F
1-2: Ball
2-2: Strikes out swinging
Batting: LHB Ye Der 0-0: Reached on error, E4 (Groundball, 4)
Jorge González to third
Batting: LHB Herman Hayes 0-0: Swinging Strike
0-1: Called Strike
0-2: SINGLE (Groundball, 3D)
Jorge González scores
Ye Der to second
Runner from 2nd tries for 3rd, OUT!
Top of the 6th over - 1 run(s), 2 hit(s), 1 error(s), 1 left on base; Panama City 1 - Vancouver 3
BOTTOM OF THE 6TH
Vancouver Grey Wolves batting - Pitching for Panama City Piranhas : RHP John Dempsey
Batting: LHB Min-heui Im 0-0: Ball
1-0: Ball
2-0: Called Strike
2-1: Called Strike
2-2: SINGLE (Line Drive, 89S)
Batting: RHB José Carlos Ramos 0-0: Ball
1-0: Ball
2-0: Grounds into double play, 5-4-3 (Groundball, 56)
Batting: LHB Timmy Appeldoorn 0-0: Ball
1-0: Called Strike
1-1: Ball
2-1: SINGLE (Flyball, 7LS)
Batting: RHB Travis Newsome 0-0: Ball
1-0: Called Strike
1-1: Foul Ball, location: 2F
Balk!
Timmy Appeldoorn to second
1-2: Strikes out swinging
Bottom of the 6th over - 0 run(s), 2 hit(s), 0 error(s), 1 left on base; Panama City 1 - Vancouver 3
TOP OF THE 7TH
Panama City Piranhas batting - Pitching for Vancouver Grey Wolves : RHP George Frazier
Batting: SHB Marc Talamante 0-0: Ball
1-0: Ground out U3 (Groundball, 3L)
Batting: RHB Armando Alvarado 0-0: Called Strike
0-1: Ball
1-1: Ground out 2-3 (Groundball, 23)
Batting: RHB William Hull 0-0: Ball
1-0: Ball
2-0: Ball
3-0: Called Strike
3-1: Base on Balls
Batting: LHB Sergio Muñóz 0-0: Fly out, F6 (Popup, 6D)
Top of the 7th over - 0 run(s), 0 hit(s), 0 error(s), 1 left on base; Panama City 1 - Vancouver 3
BOTTOM OF THE 7TH
Vancouver Grey Wolves batting - Pitching for Panama City Piranhas : RHP John Dempsey
Batting: LHB David Hubbard 0-0: Ball
1-0: Ball
2-0: SINGLE (Flyball, 6MD)
Batting: RHB Danny Walsh 0-0: Called Strike
0-1: Foul Ball, location: 2F
0-2: Foul Ball, location: 2F
0-2: Ball
1-2: Fly out, F3 (Popup, 3SF)
Pitching: RHP Gunner Hardy
Batting: LHB José Alonso 0-0: SINGLE (Groundball, 34D)
David Hubbard to second
Runner from 2nd tries for 3rd, SAFE, no throw or cutoff
Batting: LHB Emílio Barbán 0-0: Ball
1-0: Foul Ball, location: 2F
1-1: Fly out, F7 (Flyball, 7LMF)
Runner from 3rd tags up, SCORES, throw made
Batting: SHB Gregg Wagner 0-0: Ball
1-0: DOUBLE (Groundball, 5L)
José Alonso to third
Runner from 3rd tries for Home, SAFE, no throw or cutoff
Batting: LHB Min-heui Im 0-0: Ball
1-0: Ground out 4-3 (Groundball, 4)
Bottom of the 7th over - 2 run(s), 3 hit(s), 0 error(s), 1 left on base; Panama City 1 - Vancouver 5
TOP OF THE 8TH
Panama City Piranhas batting - Pitching for Vancouver Grey Wolves : RHP George Frazier
Batting: SHB Jorge González 0-0: Called Strike
0-1: Called Strike
0-2: Ball
1-2: Foul Ball, location: 2F
1-2: Strikes out swinging
Batting: RHB Tim Barnes 0-0: Ball
1-0: Called Strike
1-1: Foul Ball, location: 2F
1-2: Strikes out swinging
Batting: LHB Floyd Long 0-0: Foul Ball, location: 2F
0-1: Ball
1-1: Ball
2-1: Called Strike
2-2: Foul Ball, location: 2F
2-2: Foul Ball, location: 2F
2-2: Fly out, F7 (Line Drive, 7M)
Top of the 8th over - 0 run(s), 0 hit(s), 0 error(s), 0 left on base; Panama City 1 - Vancouver 5
BOTTOM OF THE 8TH
Vancouver Grey Wolves batting - Pitching for Panama City Piranhas : RHP Gunner Hardy
Batting: RHB José Carlos Ramos 0-0: Ball
1-0: Fly out, F8 (Flyball, 8RM)
Batting: LHB Timmy Appeldoorn 0-0: Ball
1-0: Foul Ball, location: 2F
1-1: Foul Ball, location: 2F
1-2: Ground out 4-3 (Groundball, 4M)
Batting: RHB Travis Newsome 0-0: Ball
1-0: Called Strike
1-1: Called Strike
1-2: Ground out 6-3 (Groundball, 6)
Bottom of the 8th over - 0 run(s), 0 hit(s), 0 error(s), 0 left on base; Panama City 1 - Vancouver 5
TOP OF THE 9TH
Panama City Piranhas batting - Pitching for Vancouver Grey Wolves : RHP George Frazier
Batting: LHB Ye Der 0-0: Ball
1-0: Ball
2-0: Called Strike
2-1: Foul Ball, location: 2F
2-2: Ball
3-2: Ground out 4-3 (Groundball, 4M)
Batting: LHB Herman Hayes 0-0: Ball
1-0: Swinging Strike
1-1: Fly out, F9 (Flyball, 9S)
Batting: SHB Marc Talamante 0-0: Swinging Strike
0-1: Ground out 5-3 (Groundball, 56S)
Top of the 9th over - 0 run(s), 0 hit(s), 0 error(s), 0 left on base; Panama City 1 - Vancouver 5
This league is powered by Out of the Park Baseball, the baseball management simulation game for PC, Mac and Linux
Monday, October 3rd, 2016 - OOTP Baseball 16.9 Build 39